Map: Catalyst LE

Players

DokwoN - Winner!

  • Race: Terran Terran
  • League: Diamond
  • Spawn Location: 5:00

klousky

  • Race: Zerg Zerg
  • League: Diamond
  • Spawn Location: 11:00

VOD

Have the link to the VOD?

Description

Time

  • Played on: July 22, 2018, 3:16 a.m.
  • Length: 4:40
Show
View Real Time Build Order
Export as new Build Order

DokwoN Terran - Winner!

Build Orders: Reaper Expand 

Get SALT Encoding   

  12  0:01  SCV  
  13  0:13  SCV  
  14  0:19  Supply Depot  
  14  0:25  SCV  
  15  0:40  SCV  
  15  0:42  Barracks  
  16  0:46  Refinery  
  16  0:52  SCV  
  17  1:04  SCV  
  18  1:16  SCV  
  19  1:30  Reaper  
  19  1:31  Orbital Command  
  20  1:43  Command Center  
  20  1:55  Barracks  
  20  1:58  SCV  
  21  2:03  Barracks Reactor  
  21  2:12  Supply Depot  
  21  2:14  SCV  
  22  2:26  SCV  
  22  2:28  Factory  
  22  2:29  Refinery  
  23  2:38  SCV  
  23  2:42  Marine x2  
  26  2:46  Marine  
  27  2:52  Bunker  
  27  2:56  Orbital Command  
  27  3:02  Marine  
  27  3:04  Marine  
  29  3:06  Bunker  
  29  3:10  SCV  
  28  3:26  Marine x3  
  30  3:38  Factory Tech Lab  
  27  3:43  Marine  
  28  3:49  Bunker  
  27  3:56  SCV  
  25  4:05  Marine x2  
  25  4:08  SCV  
Show
View Real Time Build Order
Export as new Build Order

klousky Zerg 

Build Orders: Hatch First, Ravager All-In 

Get SALT Encoding   

  12  0:00  Drone  
  13  0:09  Drone  
  13  0:12  Extractor  
  13  0:20  Drone  
  14  0:45  Hatchery  
  13  1:05  Spawning Pool  
  13  1:11  Extractor  
  11  1:13  Drone  
  12  1:19  Drone  
  12  1:24  Drone  
  14  1:52  Roach Warren  
  14  1:53  Overlord  
  13  1:59  Zergling x2  
  14  2:32  Roach x3  
  20  2:46  Roach  
  22  2:54  Ravager x3  
  25  3:02  Roach  
  24  3:35  Ravager  
  24  3:39  Ravager  
  24  3:41  Queen  
Tags
 
Add a new tag
Caveats
  • Supply blocks, unpowered buildings, or Contaminate may cause inaccurate times.
  • Supply counts are checked every 10 seconds.